 Dungeon Crawl Stone Soup version 0.20-a0-492-g6327889 (webtiles) character file.

205 Muumios the Skirmisher (level 5, -6/43 HPs)
             Began as a Mummy Wanderer on Jan 16, 2017.
             Was an Initiate of Gozag.
             Mangled by a wyvern skeleton (7 damage)
             ... on level 8 of the Dungeon.
             The game lasted 00:06:45 (2579 turns).

Muumios the Skirmisher (Mummy Wanderer)             Turns: 2579, Time: 00:06:48

Health: -6/43      AC:  4    Str: 15    XL:     5   Next: 52%
Magic:  5/5        EV: 11    Int: 11    God:    Gozag
Gold:   181        SH:  0    Dex: 13    Spells: 4/4 levels left

rFire    x . .     SeeInvis .   g - +0 quarterstaff
rCold    + . .     Gourm    .   e - +0 robe
rNeg     + + +     Faith    .   (shield currently unavailable)
rPois    ∞         Spirit   .   (no helmet)
rElec    .         Reflect  .   i - +1 cloak
rCorr    .         Harm     .   (no gloves)
MR       .....                  (no boots)
Stlth    +.........             (no amulet)
Regen    0.1/turn               (no ring)
                                h - ring of flight

@: no status effects
A: no food or potions, fire vulnerability, cold resistance 1, negative energy
resistance 3, torment resistance, unbreathing
a: Potion Petition, Call Merchant, Bribe Branch, Renounce Religion, Evoke Flight


You were on level 8 of the Dungeon.
You worshipped Gozag.
Gozag was aware of your devotion.
You were not hungry.

You visited 2 branches of the dungeon, and saw 8 of its levels.
You also visited: Sewer.

You collected 227 gold pieces.
You paid 46 gold pieces to Gozag.

Inventory:

Hand Weapons
 b - a +0 hand crossbow
 f - a +0 short sword
 g - a +0 quarterstaff (weapon)
Missiles
 c - 27 bolts
Armour
 a - a +0 shield
 e - a +0 robe (worn)
 i - a +1 cloak (worn)
 j - a +0 ring mail
Jewellery
 d - a +3 ring of dexterity {unknown}
 h - a ring of flight (left hand)
Scrolls
 k - a scroll of identify


   Skills:
 * Level 4.8 Fighting
   Level 1.0(1.6) Maces & Flails
 * Level 2.0(2.2) Staves
 - Level 3.3 Crossbows
 - Level 1.0 Armour
 - Level 1.5 Shields


You had 4 spell levels left.
You didn't know any spells.

Dungeon Overview and Level Annotations

Branches:
Dungeon (6/15)             Temple (1/1) D:4

Altars:
Ashenzari
Cheibriados
Dithmenos
Elyvilon
Fedhas
Gozag
Hepliaklqana
Kikubaaqudgha
Makhleb
Nemelex Xobeh
Okawaru
Qazlal
Ru
Sif Muna
Trog
Uskayaw
Vehumet
Xom
Yredelemnul
Zin
The Shining One

Shops:
D:6 (


Innate Abilities, Weirdness & Mutations

You do not eat or drink.
Your flesh is vulnerable to fire.
You are immune to poison.
Your flesh is cold resistant. (rC+)
You are immune to negative energy. (rN+++)
You are immune to unholy pain and torment.
You can survive without breathing.


Message History

The wyvern skeleton bites you!
You completely miss the wyvern skeleton.
The wyvern skeleton is almost destroyed.
The wyvern skeleton bites you but does no damage.
You hit the wyvern skeleton.
The wyvern skeleton is almost destroyed.
The wyvern skeleton bites you!
* * * LOW HITPOINT WARNING * * *
The wyvern skeleton closely misses you.
You barely miss the wyvern skeleton.
The wyvern skeleton is almost destroyed.
The wyvern skeleton bites you.
* * * LOW HITPOINT WARNING * * *
You barely miss the wyvern skeleton.
The wyvern skeleton is almost destroyed.
The wyvern skeleton bites you.
* * * LOW HITPOINT WARNING * * *
The wyvern skeleton bites you!
You die...
Your body crumbles into a pile of gold.

###+##
#....#
#....#
#....#
#....#
#.$..#
#..Z.#
####..@.#
.........#
##########


You could see a wyvern skeleton.

Vanquished Creatures
  A big kobold (Sewer)
  A howler monkey (D:6)
  A howler monkey skeleton (D:6)
  2 adders (D:6)
  2 worms (D:2)
  A dart slug (D:2)
  5 leopard geckos
  An orc (D:2)
  A ball python (D:2)
  7 bats
  5 giant cockroaches
  6 hobgoblins
  6 jackals
  A quokka (D:3)
  2 goblins (D:2)
  A jackal skeleton (D:4)
  6 kobolds
  9 rats
58 creatures vanquished.

Notes
Turn   | Place    | Note
-------+----------+-------------------------------------------
     0 | D:1      | Muumios the Mummy Wanderer began the quest for the Orb.
     0 | D:1      | Muumios set off with: a +0 shield, a +0 hand crossbow, 22 bolts, a scroll of teleportation, a +0 robe
     0 | D:1      | Reached XP level 1. HP: 18/18 MP: 1/1
   247 | D:1      | Reached XP level 2. HP: 21/24 MP: 2/2
   755 | D:2      | Reached XP level 3. HP: 26/29 MP: 3/3
  1323 | D:4      | Noticed a big kobold
  1571 | D:4      | Found a staircase to the Ecumenical Temple.
  1579 | Temple   | Entered the Ecumenical Temple
  1724 | Temple   | Became a worshipper of Gozag Ym Sagoz the Greedy
  1788 | D:4      | Found a glowing drain.
  1832 | Sewer    | Entered a sewer
  1899 | Sewer    | Noticed a big kobold
  1931 | Sewer    | Killed a big kobold
  1931 | Sewer    | Reached skill level 4 in Fighting
  1931 | Sewer    | Reached skill level 1 in Staves
  1931 | Sewer    | Reached XP level 4. HP: 20/38 MP: 4/4
  1978 | Sewer    | Found a white marble altar of Elyvilon.
  2106 | D:5      | Entered Level 5 of the Dungeon
  2401 | D:6      | Reached XP level 5. HP: 42/43 MP: 5/5
  2462 | D:6      | Found Fueki's Antique Weapon Boutique.
  2571 | D:6      | You fall through a shaft for 2 floors!
  2579 | D:8      | HP: 1/43 [wyvern skeleton (4)]
  2579 | D:8      | Mangled by a wyvern skeleton

Vault maps used:
D:1:      scummos_arrival_forest, hex_tiny
D:2:      minmay_pentomino_w2
D:3:      first_bread, uniq_iyjb, uniq_robin, uniq_sigmund
D:4:      portal_sewer_entry_f, minmay_misc_feat_nine_boxes, bh_walls_and_bars
D:6:      serial_shops, nicolae_shop_trees, uniq_prince_ribbit1
D:8:      nrook_uturn
Temple:   regret_index_temple_sigil_plot
Sewer:    sewer_kobolds

Skill      XL: |  1  2  3  4  5 |
---------------+----------------+-----
Crossbows      | 3 |  3.3
Fighting       | 4 |  4.8
Staves         | 1 2 |  2.0
Maces & Flails | |  1.0
Armour         | |  1.0
Shields        | |  1.5

Action                   |  1- 3 |  4- 6 || total
-------------------------+-------+-------++-------
Melee: Quarterstaff      |    59 |    59 ||   118
       Short sword       |    11 |       ||    11
 Fire: Hand crossbow     |    93 |       ||    93
 Abil: Evoke Flight      |     1 |       ||     1
  Use: Scroll            |     7 |     2 ||     9
 Stab: Distracted        |     1 |       ||     1
Armor: Robe              |    33 |    26 ||    59
Dodge: Dodged            |    83 |    40 ||   123
